 Dungeon Crawl Stone Soup version 0.29.0-4-gdea44cf6ec (webtiles) character file.

Game seed: 7373229741699296144

70 qw the Firebug (level 4, 0/35 HPs)
             Began as a Ghoul Fire Elementalist on Aug 29, 2022.
             Slain by an orc
             ... wielding a +0 mace
              (7 damage)
             ... on level 2 of the Dungeon.
             The game lasted 00:01:51 (3220 turns).

qw the Firebug (Ghoul Fire Elementalist)            Turns: 3220, Time: 00:01:52

Health: 0/35       AC:  6    Str: 13    XL:     4   Next: 21%
Magic:  5/5        EV:  5    Int: 10    God:
Gold:   111        SH: 11    Dex:  9    Spells: 5/6 levels left

rFire   . . .      SeeInvis .     - Unarmed
rCold   + . .      Faith    .   h - +0 tower shield
rNeg    + + +      Spirit   .   a - +0 scale mail
rPois   inf        Reflect  .   (no helmet)
rElec   .          Harm     .   (no cloak)
rCorr   .          Rampage  .   (no gloves)
Will    .....                   (no boots)
Stlth   ..........              (no amulet)
HPRegen 0.00/turn               (no ring)
MPRegen 0.09/turn               (no ring)

@: inhibited regen
A: claws 1, cold resistance 1, negative energy resistance 3, inhibited
regeneration, torment resistance 2, devour on kill
a: no special abilities


You were on level 2 of the Dungeon.
You visited 1 branch of the dungeon, and saw 3 of its levels.

You collected 111 gold pieces.


Innate Abilities, Weirdness & Mutations

You are immune to poison.
You have sharp fingernails.
Your flesh is cold resistant. (rC+)
You are immune to negative energy. (rN+++)
You do not regenerate when monsters are visible.
You are immune to unholy pain and torment.
You thrive by killing the living.


   Skills:
 - Level 1.0 Fighting
 - Level 1.7 Dodging
 - Level 2.1 Stealth
 + Level 2.4 Shields
 - Level 2.0 Unarmed Combat
 - Level 1.7 Spellcasting
 - Level 0.7 Conjurations
 - Level 2.4 Fire Magic


You had 5 spell levels left.
You knew the following spells:

 Your Spells              Type           Power      Damage    Failure   Level
a - Foxfire               Conj/Fire      16%        2x1d4     100%        1

Your spell library contained the following spells:

 Spells                   Type           Power      Damage    Failure   Level
 Scorch                   Fire           10%        2d6       100%        2
 Conjure Flame            Conj/Fire      4%         6-21      100%        3
 Inner Flame              Hex/Fire       3%         N/A       100%        3
 Flame Wave               Conj/Fire      4%         2d5       100%        4

Inventory:

Missiles
 b - 5 javelins (quivered)
Armour
 a - a +0 scale mail (worn)
 h - a +0 tower shield (worn)
Scrolls
 c - a scroll of identify
Potions
 d - a potion of resistance {unknown}
 e - a potion of curing {unknown}

Dungeon Overview and Level Annotations

Branches:
Dungeon (3/15)

Altars:

Shops:
D:1 *

Annotations:
D:2 1 runed translucent door, Crazy Yiuf


Message History

What level of the Dungeon? (default 1, ? - help) Crazy Yiuf says, "Aardvark!
Dawk infinity eyeball."
There is a stone staircase leading down here.
You climb downwards.
The orc hits you with a +0 whip.
There is a stone staircase leading up here.
3209 ||| STAIRDANCE The orc hits you with a +0 whip.
The orc barely misses you.
You climb upwards.
Level annotation: 1 runed translucent door, Crazy Yiuf
There is a stone staircase leading down here.
You scratch the orc but do no damage. You block the orc's attack. x2
You scratch the orc but do no damage. The orc hits you but does no damage.
You block the orc's attack. The orc hits you with a +0 whip.
The orc hits you with a +0 mace.
You scratch the orc but do no damage. The orc hits you with a +0 whip.
The orc hits you with a +0 mace.
You closely miss the orc. The orc hits you with a +0 whip.
The orc hits you with a +0 mace. The orc hits you but does no damage.
You block the orc's attack.
You scratch the orc but do no damage. You block the orc's attack. x2
You scratch the orc.
The orc is moderately wounded.
You block the orc's attack. x2
You closely miss the orc.
The orc is moderately wounded.
You block the orc's attack. x2; The orc hits you but does no damage.
You block the orc's attack.
You scratch the orc but do no damage.
The orc is moderately wounded.
You block the orc's attack. The orc hits you with a +0 mace.
You scratch the orc but do no damage.
The orc is moderately wounded.
You block the orc's attack. The orc barely misses you.
You block the orc's attack. The orc hits you with a +0 mace.
You scratch the orc but do no damage.
The orc is lightly wounded.
The orc hits you but does no damage. The orc hits you with a +0 mace!
You die...

#.#.....<.....#.#.
#.#.#.........#.#.
#.#.#.........#.#.
#.#.#####.#.###.#.
#.#.# #.#.......
#.#.# #.########
#.#.# #.# #o#.#
#.# #@#.# #.#
#o#.# #.#### #.#.#
#....# #...#
####.# ##..## ###
#...# ######..###
#.........#### ###
#.####..#..#P##
###..)#


You could see 2 orcs.

Vanquished Creatures
  An adder (D:2)
  A gnoll (D:1)
  2 worms (D:2)
  2 dart slugs (D:1)
  4 endoplasms
  3 giant cockroaches (D:1)
  2 goblins (D:1)
  2 hobgoblins (D:1)
  3 kobolds
  A quokka (D:1)
  5 ball pythons
  6 bats
  4 frilled lizards
  4 rats
40 creatures vanquished.

Notes
Turn   | Place    | Note
-------+----------+-------------------------------------------
     0 | D:1      | qw the Ghoul Fire Elementalist began the quest for the Orb.
     0 | D:1      | Reached XP level 1. HP: 14/14 MP: 2/2
     0 | D:1      | 0 ||| qw: Version: 0.1-a-90-g952f4b7
     0 | D:1      | 0 ||| qw: Game counter: 4162
     0 | D:1      | 0 ||| qw: Always use a shield: true
     0 | D:1      | 0 ||| qw: God list: Okawaru
     0 | D:1      | 0 ||| qw: Allow faded altars: false
     0 | D:1      | 0 ||| qw: Do Orc after D:15 true
     0 | D:1      | 0 ||| qw: Do second Lair branch before Depths: true
     0 | D:1      | 0 ||| qw: Lair rune preference: random
     0 | D:1      | 0 ||| qw: Plans: Normal
     0 | D:1      | 0 ||| PLANNING D:1-11
   240 | D:1      | Reached skill level 1 in Unarmed Combat
   592 | D:1      | Reached skill level 1 in Fighting
   592 | D:1      | Reached XP level 2. HP: 23/23 MP: 3/3
   596 | D:1      | Found Soetetz's General Store.
   605 | D:1      | 605 ||| SHOPLISTING +1 pair of boots of stealth (231 gold,
                  | have 40).
   605 | D:1      | 605 ||| SHOPLISTING potion of curing (42 gold, have 40).
   605 | D:1      | 605 ||| SHOPLISTING scroll of acquirement (728 gold, have
                  | 40).
   630 | D:1      | HP: 4/23 [ball python (2)]
  1146 | D:1      | 1146 ||| Stepping ~*~*~tactically~*~*~ (hiding).
  1200 | D:1      | 1200 ||| Stepping ~*~*~tactically~*~*~ (stealth).
  1253 | D:1      | 1253 ||| UPGRADING to +0 ring mail.
  1263 | D:1      | 1263 ||| DROPPING +0 robe.
  1264 | D:1      | 1264 ||| UPGRADING to +0 tower shield.
  1269 | D:1      | 1269 ||| READING scroll labelled TESYPS XUENEOH.
  1270 | D:1      | 1270 ||| READING scroll labelled EDOXUT UWAOV.
  1271 | D:1      | 1271 ||| READING scroll labelled UKOGUSHREHO.
  1596 | D:1      | Reached XP level 3. HP: 28/28 MP: 4/4
  1614 | D:1      | Reached skill level 1 in Shields
  1770 | D:1      | 1770 ||| Stepping ~*~*~tactically~*~*~ (stealth).
  1771 | D:1      | 1771 ||| Stepping ~*~*~tactically~*~*~ (stealth).
  2196 | D:1      | 2196 ||| READING scroll labelled YQEL VAUXAAS.
  2197 | D:1      | 2197 ||| DROPPING potion of magic.
  2445 | D:2      | Reached XP level 4. HP: 16/35 MP: 5/5
  2857 | D:2      | Found a runed translucent door.
  2858 | D:2      | Noticed Crazy Yiuf
  3138 | D:2      | 3138 ||| UPGRADING to +0 scale mail.
  3148 | D:2      | 3148 ||| DROPPING +0 ring mail.
  3149 | D:2      | 3149 ||| READING scroll labelled ADYOFE UCAGORR.
  3150 | D:2      | 3150 ||| DRINKING 2 metallic yellow potions.
  3151 | D:2      | 3151 ||| DROPPING potion of attraction.
  3171 | D:3      | 3171 ||| STAIRDANCE
  3209 | D:3      | 3209 ||| STAIRDANCE
  3219 | D:2      | HP: 7/35 [orc/+0 mace (3)]
  3220 | D:2      | Slain by an orc

Levels and vault maps discovered:
D:1:      dpeg_arrival_rooms_c, layout_basic, serial_co_window_serial,
          co_window_corner_a, co_window_paths_a, co_window_of_opportunity_a,
          co_window_corner_a, co_window_paths_a, co_window_corner_a,
          co_window_2corner, co_window_cross_2, co_window_of_opportunity_b,
          co_window_of_opportunity_b, co_window_unsneaky_path_e,
          co_window_2corner, co_window_corner_b, glass_columns_b,
          glass_columns_a, serial_shops, shop
D:2:      layout_loops_ring, uniq_crazy_yiuf_cottage
D:3:      layout_basic, minmay_overflow_temple_star_hex,
          nicolae_hepliaklqana_hippocampus, dreamdust_wishing_well, uniq_jessica

Skill      XL: |  1  2  3 |
---------------+----------+-----
Unarmed Combat | 1 2 |  2.0
Fighting       | 1 |  1.0
Shields        | 2 |  2.4
Dodging        | |  1.7
Stealth        | |  2.1
Spellcasting   | |  1.7
Conjurations   | |  0.7
Fire Magic     | |  2.4

Action                   |  1- 3 |  4- 6 || total
-------------------------+-------+-------++-------
Melee: Unarmed           |   158 |    25 ||   183
       Punch             |     3 |       ||     3
Throw: Javelin           |       |     5 ||     5
  Use: Scroll            |     4 |     1 ||     5
       Potion            |       |     1 ||     1
Armor: Robe              |     7 |       ||     7
       Ring mail         |    31 |     1 ||    32
       Scale mail        |       |     4 ||     4
Dodge: Dodged            |    49 |     5 ||    54
Block: Tower shield      |    48 |    17 ||    65

Table legend:
 A = Non-vault XP
 B = Vault XP
 C = Vault XP percentage of total XP
 D = Non-vault monster count
 E = Vault monster count
 F = Vault count percentage of total count
                 A         B        C        D         E       F
            +---------+---------+-------+---------+---------+-------
      Total |     100 |       0 |   0.0 |      40 |       0 |   0.0
            +---------+---------+-------+---------+---------+-------
        D:1 |      62 |       0 |   0.0 |      28 |       0 |   0.0
        D:2 |      38 |       0 |   0.0 |      12 |       0 |   0.0
            +---------+---------+-------+---------+---------+-------
